 Dungeon Crawl Stone Soup version 0.27-a0-237-g52650a7530 (webtiles) character file.

Game seed: 11166750924396099898

574 Redear the Sneak (level 7, -3/73 HPs)
             Began as an Octopode Fighter on Feb 2, 2021.
             Slain by an orc warrior
             ... wielding a +0 glaive
              (16 damage)
             ... on level 5 of the Dungeon.
             The game lasted 00:11:48 (4574 turns).

Redear the Sneak (Octopode Fighter)                 Turns: 4574, Time: 00:11:49

Health: -3/73      AC: 23    Str: 14 (15) XL:     7   Next: 34%
Magic:  7/7        EV:  2    Int:  7 (10) God:
Gold:   270        SH:  9    Dex: 12 (14) Spells: 6/6 levels left

rFire    . . .     SeeInvis .   q - +1 falchion (holy)
rCold    . . .     Faith    .   b - +0 kite shield
rNeg     + + +     Spirit   .   (helmet currently unavailable)
rPois    +         Reflect  .   (no amulet)
rElec    .         Harm     .   o - ring of poison resistance {rPois}
rCorr    .         Rampage  .   (no ring)
Will     .....     NoTele   +   (no ring)
Stlth    +++.......             (no ring)
HPRegen  0.22/turn              (no ring)
MPRegen  0.10/turn              (no ring)
                                (no ring)
                                (no ring)

@: tree-form, hasted, very quick
A: almost no armour, stealthy swim, (amphibious), 8 rings, (constrict 8)
a: no special abilities


You were on level 5 of the Dungeon.
You were a tree.
You visited 1 branch of the dungeon, and saw 5 of its levels.

You collected 270 gold pieces.

Inventory:

Hand Weapons
 a - a +0 long sword
 q - a +1 falchion of holy wrath (weapon)
 v - a +3 mace
Missiles
 h - 87 stones (quivered)
Armour
 b - a +0 kite shield (worn)
Magical Staves
 u - an uncursed staff of earth {unknown}
Jewellery
 o - a ring of poison resistance (left branch) {rPois}
Wands
 A - a wand of acid (8)
Scrolls
 i - 2 scrolls of amnesia
 j - a scroll of enchant weapon
 m - 2 scrolls of immolation
 M - a scroll of magic mapping
 N - a scroll of remove curse {@r2}
Potions
 c - a potion of might {Str+5 DMG+1d10 | @q3}
 e - a potion of lignification
 f - a potion of ambrosia
 p - 3 potions of degeneration {!q}
 s - a potion of magic {unknown}
 t - a potion of brilliance {unknown}
 H - a potion of haste {@q5}


   Skills:
 + Level 4.4 Fighting
 + Level 3.8 Long Blades
 + Level 4.4 Dodging
 + Level 4.7 Stealth
 + Level 4.5 Shields


You had 6 spell levels left.
You didn't know any spells.
Your spell library was empty.

Dungeon Overview and Level Annotations

Branches:
Dungeon (5/15)
 Temple: D:4-7

Altars:
Dithmenos
Uskayaw
Vehumet


Innate Abilities, Weirdness & Mutations

You cannot wear most types of armour.
You are very stealthy in the water. (Stealth+)
((You are amphibious.))
You can wear up to eight rings at the same time.
((You can use your tentacles to constrict eight enemies at once.))
((Your skin changes colour to match your surroundings (Stealth+).))
((Your rubbery body absorbs attacks. (AC +1, EV +1)))


Message History

The sky beast flickers out of sight!
Deactivating autopickup; reactivate with Ctrl-A.
Something hits you but does no damage.
The orc warrior hits you from afar with a +0 glaive!
You take 12 damage, and have 25/73 hp.
You barely miss something. Something hits you but does no damage.
You closely miss something.
The orc warrior hits you from afar with a +0 glaive.
* * * LOW HITPOINT WARNING * * *
Something hits you but does no damage.
You take 6 damage, and have 19/73 hp.
Okay, then.
You closely miss something. Something hits you but does no damage.
The orc warrior hits you from afar with a +0 glaive!
* * * LOW HITPOINT WARNING * * *
You take 7 damage, and have 12/73 hp.
You miss something. Something hits you but does no damage.
You closely miss something.
The orc warrior hits you from afar with a +0 glaive!
You die...

..###.## .........
.#
#.###.###########.#
#.# #.#...........#
### #........# #..#
......####.# #..#
############.###..#
(..........#.#.{).#
##########.#.#.)♣.#
#.#.#....#
#†#.#..o.######
#.#.#.........#
#.#.#.#.#####.#
#.#.#....o..#.#
#.#.#.......#.#
#.#.#######.#.#
#.#...........#


You could see an orc warrior.

Vanquished Creatures
  A bullfrog (D:4)
  A howler monkey (D:3)
  2 hounds
  An orc priest (D:5)
  Terence (D:2)
  2 orc wizards (D:4)
  A worker ant (D:3)
  13 adders
  4 gnolls (D:5)
  3 oozes
  An adder skeleton (D:5)
  2 worms
  2 dart slugs
  2 leopard geckos
  16 orcs
  3 ball pythons
  6 bats
  4 giant cockroaches
  5 hobgoblins
  A quokka (D:3)
  5 frilled lizards
  11 goblins
  7 kobolds
  A leopard gecko skeleton (D:4)
  2 quokka skeletons
  8 rats
105 creatures vanquished.

Notes
Turn   | Place    | Note
-------+----------+-------------------------------------------
     0 | D:1      | Redear the Octopode Fighter began the quest for the Orb.
     0 | D:1      | Reached XP level 1. HP: 16/16 MP: 1/1
   107 | D:1      | Reached XP level 2. HP: 9/21 MP: 2/2
   167 | D:1      | Reached skill level 1 in Stealth
   777 | D:1      | Reached XP level 3. HP: 26/26 MP: 3/3
  1083 | D:2      | Noticed Terence
  1131 | D:2      | Killed Terence
  1132 | D:2      | Reached skill level 2 in Stealth
  1132 | D:2      | Reached XP level 4. HP: 24/31 MP: 4/4
  1405 | D:2      | Reached XP level 5. HP: 31/36 MP: 5/5
  1820 | D:3      | Reached skill level 3 in Stealth
  1972 | D:3      | Reached skill level 3 in Long Blades
  2396 | D:3      | Found a radiant altar of Vehumet.
  2604 | D:3      | Reached XP level 6. HP: 39/43 MP: 6/6
  2626 | D:4      | Found a hide-covered altar of Uskayaw.
  2626 | D:4      | Noticed a +0 hand axe
  2626 | D:4      | Noticed a +0 dagger
  2637 | D:3      | Reached skill level 4 in Shields
  2646 | D:3      | Reached skill level 4 in Fighting
  2646 | D:3      | Reached skill level 4 in Dodging
  2714 | D:4      | Reached skill level 4 in Stealth
  3325 | D:4      | Found a shadowy altar of Dithmenos.
  3333 | D:4      | Reached XP level 7. HP: 36/48 MP: 7/7
  3817 | D:5      | Entered Level 5 of the Dungeon
  4527 | D:5      | HP: 1/49 [orc priest/divine providence (14)]
  4550 | D:5      | HP: 5/73 [orc warrior/+0 glaive (3)]
  4574 | D:5      | Slain by an orc warrior

Illustrated notes

Levels and vault maps discovered:
D:1:      onia_arrival_pentagram, layout_basic
D:2:      layout_basic, uniq_terence
D:3:      layout_basic, vehumet_crystals, minivault_23, minmay_misc_feat_x
D:4:      layout_rooms, nicolae_dithmenos_shadow_blocks,
          dancing_weapons_uskayaw, hangedman_abyss_or_decor_stagger
D:5:      layout_basic, minmay_temple_entry_mist

Skill      XL: |  1  2  3  4  5  6 |
---------------+-------------------+-----
Stealth        | 1 2 3 4 |  4.7
Long Blades    | 3 |  3.8
Shields        | 4 |  4.5
Fighting       | 4 |  4.4
Dodging        | 4 |  4.4

Action                   |  1- 3 |  4- 6 |  7- 9 || total
-------------------------+-------+-------+-------++-------
Melee: Long sword        |    46 |   127 |     4 ||   177
       Constrict         |    14 |    39 |    10 ||    63
       Tentacles         |    10 |    29 |    11 ||    50
       Falchion          |       |       |    32 ||    32
       Mace              |       |       |    13 ||    13
  Use: Scroll            |       |       |     7 ||     7
       Potion            |       |       |     4 ||     4
 Stab: Sleeping          |     8 |    13 |     1 ||    22
       Distracted        |       |     1 |     1 ||     2
Armor: Skin              |     2 |     8 |    31 ||    41
Dodge: Dodged            |    20 |    73 |    15 ||   108
Block: Kite shield       |    14 |    63 |    18 ||    95
       Rpst.: Long sword |     6 |    18 |     1 ||    25
       Falchion          |       |       |     1 ||     1

Table legend: (Time is in decaauts)
 A = Elapsed time spent in this place.
 B = Non-inter-level travel time spent in this place.
 C = Inter-level travel time spent in this place.
 D = Time resting spent in this place.
 E = Time spent auto-exploring this place.
 F = Levels seen in this place.
 G = Mean time per level.
                   A        B        C        D        E       F      G
               +--------+--------+--------+--------+--------+-----+--------+
         Total |   4668 |   4448 |    220 |   1129 |   2362 |   5 |  933.6 |
       Dungeon |   4668 |   4448 |    220 |   1129 |   2362 |   5 |  933.6 |
               +--------+--------+--------+--------+--------+-----+--------+

Top non-repeatable levels by time:
     D:3: 1335 daAuts
     D:1: 1041 daAuts
     D:4: 770 daAuts
     D:5: 765 daAuts
     D:2: 755 daAuts
